 Dungeon Crawl Stone Soup version 0.16-a0-1183-g5b05a17 (webtiles) character file.

228 Kashira the Chopper (level 6, 33/33 HPs)
             Began as a Vine Stalker Berserker on Oct 10, 2014.
             Was an Elder of Trog.
             Quit the game on level 3 of the Dungeon.
             The game lasted 00:07:36 (1893 turns).

Kashira the Chopper (Vine Stalker Berserker)        Turns: 1893, Time: 00:07:36

Health: 33/33      AC:  4    Str: 27    XL:     6   Next: 2%
Magic:  8/8        EV: 13    Int:  7    God:    Trog [****..]
Gold:   75         SH:  0    Dex: 13    Spells: 0 memorised, 5 levels left

rFire  . . .     SeeInvis .     v - -1 hand axe (curse)
rCold  . . .     Clarity  .     b - +0 animal skin
rNeg   . . .     SustAb   .     (no shield)
rPois  .         Gourm    .     (no helmet)
rElec  .         Spirit   +     f - +0 cloak
rCorr  .         Warding  .     (no gloves)
rMut   .         Rnd*Tele +     g - +0 pair of boots
MR     .....                    (no amulet)
Stlth  ++........               n - cursed ring of teleportation
                                j - +5 ring of strength

@: not resistant to hostile enchantments, unstealthy
A: fangs 2, regeneration 2, magic shield, antimagic bite, no device heal 3, rot
immunity
a: Burn Spellbooks, Berserk, Trog's Hand, Brothers in Arms, Renounce Religion,
Evoke Teleportation


You were on level 3 of the Dungeon.
You worshipped Trog.
Trog was greatly pleased with you.
You were not hungry.

You visited 1 branch of the dungeon, and saw 3 of its levels.

You collected 75 gold pieces.

Inventory:

Hand weapons
 a - a +0 hand axe
 v - a cursed -1 hand axe (weapon)
Missiles
 x - 2 silver javelins (quivered)
Armour
 b - a +0 animal skin (worn)
 f - a +0 cloak (worn)
 g - a +0 pair of boots (worn)
Magical devices
 e - a wand of cold (8)
Comestibles
 c - 3 bread rations
 i - a royal jelly
 t - a rotting chunk of orc flesh
 z - 2 chunks of orc flesh
Scrolls
 q - 2 scrolls of random uselessness
Jewellery
 j - a +5 ring of strength (left hand)
 n - a cursed ring of teleportation (right hand)
 o - an uncursed ring of fire {unknown}
Potions
 d - a potion of porridge
 h - a potion of cure mutation
 k - a potion of curing
 l - a potion of magic
 p - 2 potions of brilliance
 r - a potion of lignification
 s - a potion of heal wounds
 u - a potion of beneficial mutation
 w - a potion of berserk rage {unknown}
Miscellaneous
 m - a plain deck of changes {Dowsing}


   Skills:
 + Level 3.7 Fighting
 * Level 4.0 Axes
 + Level 1.8 Armour
 + Level 2.9 Dodging
 * Level 2.0 Stealth


You had 5 spell levels left.
You didn't know any spells.

Dungeon Overview and Level Annotations

Branches:
Dungeon (3/15)

Altars:
Nemelex Xobeh


Innate Abilities, Weirdness & Mutations

You have extremely sharp teeth.
You heal very quickly.
When hurt, damage is shared between your health and your magic reserves.
Your bite disrupts and absorbs the magic of your enemies.
Potions and wands cannot restore your health.
You are immune to rotting.


Message History

The hobgoblin shouts!
A rat comes into view.
The rat bites you but does no damage.
Found 2 gold pieces and 8 stones.
You hit the hobgoblin but do no damage. You bite the hobgoblin.
You drain its power.
You kill the hobgoblin!
Trog accepts your kill.
You hit the rat.
You kill the rat!
Trog accepts your kill.
Found 10 gold pieces.
You see here a rat corpse.
You offer a prayer to Trog.
The rat corpse is consumed in a column of flame.
Trog is greatly pleased with you.
You now have 75 gold pieces (gained 2).
Your surroundings suddenly seem different.
You see here a hunting sling.
Are you sure you want to abandon this character and quit the game? (Confirm with "yes".)

# #.##.## ##.......##
#.#.#.##. # #.#### ##.....##
#.##..##. #.# ##...## #
#.###. #.# ##+## #.##.###.
###.### #.# #........ #.....#
#.# ####.#### #.###.#######
##.##########.# #.#
#.......###...##.....##.#
#.###.####...#.@...#.....##.#
#.....# #.....#)..##........#
####### #.....##.###....)####
#.....######.....#
##.............###
###############


There were no monsters in sight!

Vanquished Creatures
  An orc priest (D:3)
  An orc wizard (D:3)
  5 gnolls (D:3)
  2 adders (D:2)
  2 worms (D:2)
  An ooze (D:3)
  11 orcs (D:3)
  6 giant cockroaches
  11 goblins
  7 hobgoblins
  13 bats
  4 giant geckos
  6 giant newts
  10 kobolds
  6 rats
86 creatures vanquished.

Notes
Turn   | Place    | Note
--------------------------------------------------------------
     0 | D:1      | Kashira, the Vine Stalker Berserker, began the quest for the Orb.
     0 | D:1      | Reached XP level 1. HP: 11/11 MP: 1/1
    45 | D:1      | Reached XP level 2. HP: 7/16 MP: 0/3
   171 | D:1      | Reached skill level 3 in Axes
   362 | D:1      | Acquired Trog's second power
   442 | D:1      | Reached XP level 3. HP: 20/20 MP: 4/4
   712 | D:2      | Found a sparkling altar of Nemelex Xobeh.
   833 | D:2      | Reached XP level 4. HP: 18/24 MP: 3/5
  1328 | D:3      | Reached skill level 1 in Stealth
  1514 | D:3      | Reached XP level 5. HP: 28/28 MP: 7/7
  1702 | D:3      | Received a gift from Trog
  1705 | D:3      | Acquired Trog's third power
  1784 | D:3      | Reached skill level 4 in Axes
  1784 | D:3      | Gained mutation: You heal very quickly. [vine stalker growth]
  1784 | D:3      | Reached XP level 6. HP: 11/33 MP: 2/8
  1893 | D:3      | Quit the game

Action                   |  1- 3 |  4- 6 || total
-------------------------+-------+-------++-------
Melee: Hand axe          |    97 |    96 ||   193
Invok: Berserk           |       |     2 ||     2
  Use: Scroll            |     8 |     3 ||    11
 Stab: Sleeping          |       |     2 ||     2
  Eat: Chunk             |       |     5 ||     5
